 Dungeon Crawl Stone Soup version 0.23.2-1-ga50397a6bc (webtiles) character file.

Game seed: 18095425156423388445

12208 Morbidden the Fighter (level 11, 5/91 HPs)
             Began as a Gnoll Wanderer on May 14, 2019.
             Was a High Priest of Okawaru.
             Quit the game on level 11 of the Dungeon.
             The game lasted 00:33:17 (12961 turns).

Morbidden the Fighter (Gnoll Wanderer)             Turns: 12961, Time: 00:33:18

Health: 5/91       AC: 14    Str: 15    XL:     11   Next: 89%
Magic:  20/20      EV: 21    Int: 19    God:    Okawaru [*****.]
Gold:   790        SH:  0    Dex: 25    Spells: 15/23 levels left

rFire    . . .     SeeInvis .   a - +2 hand crossbow
rCold    . . .     Gourm    .   (no shield)
rNeg     . . .     Faith    .   c - +1 ring mail
rPois    .         Spirit   .   (no helmet)
rElec    .         Reflect  .   H - +0 cloak
rCorr    .         Harm     .   n - +0 pair of gloves
MR       .....                  (no boots)
Stlth    ++++......             s - amulet of magic regeneration
HPRegen  0.25/turn              A - +3 ring of protection
MPRegen  0.42/turn              w - +5 ring of dexterity

@: agile, barbed spikes, studying Short Blades
A: distributed training, fangs 1, talons 1, rugged brown scales 1, clever 1,
strong nose
a: Heroism, Finesse, Renounce Religion


You were on level 11 of the Dungeon.
You worshipped Okawaru.
Okawaru was extremely pleased with you.
You were not hungry.

You visited 1 branch of the dungeon, and saw 11 of its levels.
You also visited: Ossuary.

You collected 790 gold pieces.

Inventory:

Hand Weapons
 a - a +2 hand crossbow (weapon)
 b - a +1 whip of electrocution
Missiles
 u - 35 bolts (quivered)
 x - 8 throwing nets
 I - 8 steel javelins
Armour
 c - a +1 ring mail (worn)
 n - a +0 pair of gloves (worn)
 D - a +0 chain mail
 H - a +0 cloak (worn)
Jewellery
 m - an uncursed ring of protection from magic
 s - an amulet of magic regeneration (around neck)
 v - an uncursed ring of protection from fire
 w - a +5 ring of dexterity (right hand)
 A - a +3 ring of protection (left hand)
 C - an uncursed ring of poison resistance
Wands
 t - a wand of enslavement (4)
 E - a wand of paralysis (17)
 F - a wand of polymorph (7)
 J - a wand of disintegration (13)
 K - a wand of iceblast (16)
Scrolls
 d - 3 scrolls of teleportation
 e - 2 scrolls of enchant weapon
 h - 2 scrolls of blinking
 i - 2 scrolls of enchant armour
 l - 10 scrolls of identify
 o - 3 scrolls of noise {unknown}
 q - 7 scrolls of remove curse
 r - a scroll of amnesia {unknown}
 y - 5 scrolls of random uselessness {unknown}
 L - a scroll of magic mapping
Potions
 g - 3 potions of flight
 j - 4 potions of mutation
 k - a potion of haste
 p - 2 potions of brilliance
 z - a potion of agility
 B - a potion of berserk rage {unknown}
 M - a potion of curing
 N - a potion of ambrosia {unknown}
Books
 G - a manual of Short Blades
Comestibles
 f - 18 rations
 O - 7 chunks of flesh


   Skills:
 + Level 9.4 Fighting
 + Level 8.1 Short Blades
 + Level 6.6 Long Blades
 + Level 6.6 Axes
 + Level 6.6 Maces & Flails
 + Level 6.6 Polearms
 + Level 6.6 Staves
 + Level 6.6 Slings
 + Level 6.6 Bows
 + Level 7.1 Crossbows
 + Level 6.6 Throwing
 + Level 7.1 Armour
 + Level 6.6 Dodging
 + Level 7.1 Stealth
 + Level 6.6 Shields
 + Level 6.6 Unarmed Combat
 + Level 6.6 Spellcasting
 + Level 5.4 Conjurations
 + Level 5.4 Hexes
 + Level 5.4 Charms
 + Level 5.4 Summonings
 + Level 5.4 Necromancy
 + Level 5.4 Translocations
 + Level 5.9 Transmutations
 + Level 5.4 Fire Magic
 + Level 5.4 Ice Magic
 + Level 5.4 Air Magic
 + Level 5.4 Earth Magic
 + Level 6.7 Poison Magic
 + Level 7.2 Invocations
 + Level 7.1 Evocations


You had 15 spell levels left.
You knew the following spells:

 Your Spells              Type           Power        Failure   Level  Hunger
a - Poisonous Vapours     Pois/Air       ####..       2%          2    None
b - Mephitic Cloud        Conj/Pois/Air  ####....     4%          3    ##.....
c - Tukima's Dance        Hex            ####....     6%          3    ##.....

Your spell library contained the following spells:

 Spells                   Type           Power        Failure   Level  Hunger
 Corona                   Hex            ####...      1%          1    None
 Freeze                   Ice            ####         1%          1    None
 Ensorcelled Hibernation  Hex/Ice        ####..       3%          2    None
 Shroud of Golubria       Chrm/Tloc      ####......   3%          2    None
 Swiftness                Chrm/Air       ####....     3%          2    None
 Confuse                  Hex            ####....     6%          3    ##.....
 Conjure Flame            Conj/Fire      ####....     6%          3    ##.....
 Dazzling Spray           Conj/Hex       ####..       6%          3    ##.....
 Bolt of Cold             Conj/Ice       ####......   97%         6    #######
 Freezing Cloud           Conj/Ice/Air   ####......   97%         6    #######
 Ring of Flames           Chrm/Fire      ####......   100%        7    #######


Dungeon Overview and Level Annotations

Branches:
Dungeon (11/15)            Temple (0/1) D:6            Lair (0/6) D:8
    Orc: D:9-12

Altars:
Nemelex Xobeh
Okawaru
Sif Muna
Trog
Xom

Shops:
D:8 ??!:

Portals:
Trove: D:11 (show slimy rune of Zot)

Annotations:
D:5 1 runed translucent door, Freyura's ghost, novice GrFi
D:8 3 runed translucent doors, Cykl0x's ghost, novice FoFi
D:10 2 transporters, gnacko's ghost, novice TrFi


Innate Abilities, Weirdness & Mutations

Your experience applies equally to all skills.
You have very sharp teeth.
Your uncanny sense of smell can sniff out nearby items.
You have sharp toenails.
You are partially covered in rugged brown scales. (AC +1, +3% HP)
Your mind is acute. (Int +2)


Message History

The cyan ugly thing shocks you!
* * * LOW HITPOINT WARNING * * *
The manticore flicks its tail.
The volley of spikes hits you.
The barbed spikes become lodged in your body.
* * * LOW HITPOINT WARNING * * *
There is an open door, spattered with blood here.
Unknown command.
It was a potion of agility.
You feel agile all of a sudden.
The cyan ugly thing trunk-slaps you but does no damage.
The manticore flicks its tail.
The volley of spikes misses you.
Unknown command.
Unknown command.
The barbs in your skin will harm you if you move.
Continue? [Y]es or [N]o only, please.
The barbs in your skin will harm you if you move.
Continue?
Okay, then.
Are you sure you want to abandon this character and quit the game? (Confirm with "yes".)

####.####.(...
......?.(.....
.......(.....
............ #.........#
#.......!.# ##
#..[......# #
....###.(.......####..Z.
.....((......(.u@.......
...(##.(.......####....
.. ..#.#.....H....?....
#.#.#............##
#.#.#............#
#.#.#............#
#####...#.############
........############
######..##.........#


You could see a cyan ugly thing, a manticore and a worker ant zombie.

Vanquished Creatures
  Harold (D:7)
  A two-headed ogre (D:10)
  Maurice (D:9)
  A komodo dragon (D:11)
  A troll (D:8)
  A hippogriff (D:9)
  A spriggan (D:7)
  20 yaks
  A basilisk (D:8)
  A hungry ghost (D:11)
  2 porcupines (D:8)
  2 water moccasins
  3 orc warriors
  3 ice beasts
  Duvessa (D:6)
  3 black bears (D:8)
  A phantom (D:5)
  A wolf (D:7)
  7 centaurs
  7 ogres
  6 crocodiles
  8 bullfrogs
  Dowan (D:6)
  3 scorpions
  7 killer bees (D:10)
  2 howler monkeys
  6 crimson imps
  A bullfrog zombie (D:9)
  2 quasits
  6 centaur zombies
  5 jellies
  5 orc priests
  4 hounds
  3 centaur skeletons
  4 iguanas
  A gnoll shaman (D:8)
  7 orc wizards
  7 worker ants
  A killer bee zombie (D:8)
  2 big kobold zombies (Ossuary)
  A hound skeleton (D:6)
  6 mummies (Ossuary)
  12 gnolls
  2 howler monkey skeletons
  5 adders
  A shadow imp (D:3)
  2 oozes
  An adder skeleton (D:8)
  4 worms
  2 dart slugs (D:1)
  3 leopard geckos
  28 orcs
  7 giant cockroaches
  6 goblins
  5 hobgoblins
  12 jackals
  10 kobolds
  3 quokkas
  6 bats
  4 frilled lizards
  A giant cockroach zombie (D:6)
  A hobgoblin zombie (Ossuary)
  A quokka skeleton (D:6)
  8 rats
271 creatures vanquished.

Vanquished Creatures (others)
  2 dancing weapons (D:9)
  A fungus (D:8)
  5 plants (D:8)
8 creatures vanquished.

Grand Total: 279 creatures vanquished

Notes
Turn   | Place    | Note
-------+----------+-------------------------------------------
     0 | D:1      | Morbidden the Gnoll Wanderer began the quest for the Orb.
     0 | D:1      | Morbidden set off with the following items: a +2 hand
                  | crossbow, 22 bolts, a +0 ring mail, a scroll of
                  | teleportation, a ration
     0 | D:1      | Reached XP level 1. HP: 23/23 MP: 2/2
    84 | D:1      | Reached XP level 2. HP: 29/29 MP: 3/3
   281 | D:1      | Reached XP level 3. HP: 28/35 MP: 4/4
   587 | D:2      | You fall through a shaft!
   714 | D:3      | Reached skill level 1 in Invocations
   881 | D:3      | Reached skill level 1 in Short Blades
   881 | D:3      | Reached skill level 1 in Long Blades
   881 | D:3      | Reached skill level 1 in Axes
   881 | D:3      | Reached skill level 1 in Maces & Flails
   881 | D:3      | Reached skill level 1 in Polearms
   881 | D:3      | Reached skill level 1 in Staves
   881 | D:3      | Reached skill level 1 in Slings
   881 | D:3      | Reached skill level 1 in Bows
   881 | D:3      | Reached skill level 1 in Throwing
   881 | D:3      | Reached skill level 1 in Dodging
   881 | D:3      | Reached skill level 1 in Shields
   881 | D:3      | Reached skill level 1 in Unarmed Combat
   881 | D:3      | Reached skill level 1 in Spellcasting
   885 | D:3      | Reached XP level 4. HP: 28/41 MP: 4/6
  1085 | D:3      | Reached skill level 1 in Conjurations
  1085 | D:3      | Reached skill level 1 in Hexes
  1085 | D:3      | Reached skill level 1 in Charms
  1085 | D:3      | Reached skill level 1 in Summonings
  1085 | D:3      | Reached skill level 1 in Necromancy
  1085 | D:3      | Reached skill level 1 in Translocations
  1085 | D:3      | Reached skill level 1 in Fire Magic
  1085 | D:3      | Reached skill level 1 in Ice Magic
  1085 | D:3      | Reached skill level 1 in Air Magic
  1085 | D:3      | Reached skill level 1 in Earth Magic
  1089 | D:3      | Reached XP level 5. HP: 43/47 MP: 7/7
  1708 | D:2      | Found a deep blue altar of Sif Muna.
  2005 | D:2      | Gained mutation: You have sharp toenails. [potion of
                  | mutation]
  2005 | D:2      | Gained mutation: You are partially covered in rugged brown
                  | scales. (AC +1, +3% HP) [potion of mutation]
  2005 | D:2      | Gained mutation: Your mind is acute. (Int +2) [potion of
                  | mutation]
  2324 | D:2      | Reached XP level 6. HP: 54/54 MP: 8/8
  2955 | D:4      | Found a sparkling altar of Nemelex Xobeh.
  3602 | D:4      | Reached XP level 7. HP: 60/60 MP: 10/10
  3631 | D:4      | Reached skill level 7 in Fighting
  3944 | D:5      | Entered Level 5 of the Dungeon
  4009 | D:5      | Found a runed translucent door.
  4009 | D:5      | Noticed Freyura's ghost (novice GrFi)
  4197 | D:5      | Reached XP level 8. HP: 65/69 MP: 12/12
  4211 | D:5      | Found an iron altar of Okawaru.
  4353 | D:5      | Became a worshipper of Warmaster Okawaru
  4948 | D:6      | Noticed a yak
  4969 | D:6      | Noticed a yak
  4970 | D:6      | Noticed a yak
  4972 | D:6      | Noticed a yak
  4974 | D:6      | Killed a yak
  4991 | D:6      | Killed a yak
  4991 | D:6      | Reached * piety under Okawaru
  5019 | D:6      | Killed a yak
  5019 | D:6      | Reached XP level 9. HP: 15/74 MP: 14/14
  5025 | D:6      | Reached skill level 5 in Poison Magic
  5070 | D:6      | Found a staircase to the Ecumenical Temple.
  5115 | D:6      | Noticed Dowan
  5117 | D:6      | Noticed Duvessa
  5138 | D:6      | Killed Duvessa
  5148 | D:6      | Killed Dowan
  5161 | D:6      | Found a sand-covered staircase.
  5172 | Ossuary  | Entered an ossuary
  5734 | D:6      | Reached skill level 5 in Crossbows
  5734 | D:6      | Reached skill level 5 in Armour
  5734 | D:6      | Reached skill level 5 in Evocations
  5814 | D:6      | Reached ** piety under Okawaru
  5858 | D:6      | Reached skill level 5 in Stealth
  6423 | D:6      | Reached skill level 8 in Fighting
  6875 | D:7      | Found a bloodstained altar of Trog.
  7098 | D:7      | Reached skill level 5 in Invocations
  7387 | D:8      | Found Toicufeech's Magic Scroll Shop.
  7394 | D:8      | Found Pauzidy's Distillery.
  7401 | D:8      | Found Xeisouth's Book Boutique.
  7435 | D:8      | Reached XP level 10. HP: 73/82 MP: 17/17
  7531 | D:8      | Reached skill level 5 in Short Blades
  7848 | D:8      | Noticed Harold
  7881 | D:8      | Found a runed translucent gate.
  7881 | D:8      | Found a runed translucent gate.
  7881 | D:8      | Found a runed translucent gate.
  7906 | D:7      | Killed Harold
  7906 | D:7      | Reached *** piety under Okawaru
  7906 | D:7      | Reached skill level 5 in Long Blades
  7906 | D:7      | Reached skill level 5 in Axes
  7906 | D:7      | Reached skill level 5 in Maces & Flails
  7906 | D:7      | Reached skill level 5 in Polearms
  7906 | D:7      | Reached skill level 5 in Staves
  7906 | D:7      | Reached skill level 5 in Slings
  7906 | D:7      | Reached skill level 5 in Bows
  7906 | D:7      | Reached skill level 5 in Throwing
  7906 | D:7      | Reached skill level 5 in Dodging
  7906 | D:7      | Reached skill level 5 in Shields
  7906 | D:7      | Reached skill level 5 in Unarmed Combat
  7906 | D:7      | Reached skill level 5 in Spellcasting
  7920 | D:7      | HP: 4/84 [poisoned by Harold]
  7926 | D:7      | HP: 2/84 [poisoned by Harold]
  7934 | D:7      | HP: 1/84 [poisoned by Harold]
  8340 | D:8      | Found Solieg's Magic Scroll Shoppe.
  8409 | D:8      | Found a staircase to the Lair.
  8583 | D:8      | Reached skill level 5 in Transmutations
  8995 | D:8      | Noticed Cykl0x's ghost (novice FoFi)
  8995 | D:8      | Noticed an 11-headed hydra
  9211 | D:9      | Reached **** piety under Okawaru
  9649 | D:9      | Learned a level 2 spell: Poisonous Vapours
  9653 | D:9      | Learned a level 3 spell: Mephitic Cloud
  9947 | D:9      | Noticed Maurice
 10251 | D:8      | Learned a level 3 spell: Tukima's Dance
 10486 | D:9      | Received a gift from Okawaru
 10502 | D:9      | Reached XP level 11. HP: 75/89 MP: 4/19
 10697 | D:9      | Found an iron altar of Okawaru.
 11119 | D:9      | Killed Maurice
 11367 | D:10     | Entered Level 10 of the Dungeon
 11380 | D:10     | Received a gift from Okawaru
 11535 | D:10     | Reached skill level 9 in Fighting
 11619 | D:10     | Reached skill level 5 in Conjurations
 11619 | D:10     | Reached skill level 5 in Hexes
 11619 | D:10     | Reached skill level 5 in Charms
 11619 | D:10     | Reached skill level 5 in Summonings
 11619 | D:10     | Reached skill level 5 in Necromancy
 11619 | D:10     | Reached skill level 5 in Translocations
 11619 | D:10     | Reached skill level 5 in Fire Magic
 11619 | D:10     | Reached skill level 5 in Ice Magic
 11619 | D:10     | Reached skill level 5 in Air Magic
 11619 | D:10     | Reached skill level 5 in Earth Magic
 11721 | D:10     | Found a transporter.
 11721 | D:10     | Noticed gnacko's ghost (novice TrFi)
 11722 | D:10     | Found a transporter.
 11725 | D:10     | Noticed a two-headed ogre
 11725 | D:10     | Noticed a two-headed ogre
 11727 | D:10     | Identified the +9 great mace "Nakig" {elec, rElec MR- Int-4
                  | Dex+6}
 11727 | D:10     | Noticed a two-headed ogre
 11786 | D:10     | Noticed a two-headed ogre
 11822 | D:10     | Received a gift from Okawaru
 11853 | D:10     | Killed a two-headed ogre
 12655 | D:11     | Identified the Volume of the Assistive Snowflakes
 12697 | D:11     | Found a shimmering altar of Xom.
 12812 | D:11     | Reached ***** piety under Okawaru
 12898 | D:11     | Found a portal to a secret trove of treasure.
 12926 | D:11     | Noticed a cyan ugly thing
 12934 | D:11     | Received a gift from Okawaru
 12947 | D:11     | Noticed a manticore
 12961 | D:11     | Quit the game

Skill      XL: |  1  2  3  4  5  6  7  8  9 10 11 |
---------------+----------------------------------+-----
Transmutations | 2 3 4 5 |  5.9
Invocations    | 1 2 3 4 5 6 7 |  7.2
Short Blades   | 1 2 3 4 6 8 |  8.1
Long Blades    | 1 2 3 4 5 6 |  6.6
Axes           | 1 2 3 4 5 6 |  6.6
Maces & Flails | 1 2 3 4 5 6 |  6.6
Polearms       | 1 2 3 4 5 6 |  6.6
Staves         | 1 2 3 4 5 6 |  6.6
Slings         | 1 2 3 4 5 6 |  6.6
Bows           | 1 2 3 4 5 6 |  6.6
Throwing       | 1 2 3 4 5 6 |  6.6
Dodging        | 1 2 3 4 5 6 |  6.6
Shields        | 1 2 3 4 5 6 |  6.6
Unarmed Combat | 1 2 3 4 5 6 |  6.6
Spellcasting   | 1 2 3 4 5 6 |  6.6
Conjurations   | 1 2 3 4 5 |  5.4
Hexes          | 1 2 3 4 5 |  5.4
Charms         | 1 2 3 4 5 |  5.4
Summonings     | 1 2 3 4 5 |  5.4
Necromancy     | 1 2 3 4 5 |  5.4
Translocations | 1 2 3 4 5 |  5.4
Fire Magic     | 1 2 3 4 5 |  5.4
Ice Magic      | 1 2 3 4 5 |  5.4
Air Magic      | 1 2 3 4 5 |  5.4
Earth Magic    | 1 2 3 4 5 |  5.4
Crossbows      | 3 4 5 6 7 |  7.1
Armour         | 3 4 5 6 7 |  7.1
Poison Magic   | 4 5 6 |  6.7
Evocations     | 3 4 5 6 7 |  7.1
Stealth        | 3 4 5 6 7 |  7.1
Fighting       | 7 8 9 |  9.4

Action                   |  1- 3 |  4- 6 |  7- 9 | 10-12 || total
-------------------------+-------+-------+-------+-------++-------
Melee: Unarmed           |     2 |       |       |       ||     2
       Whip              |       |    95 |   212 |   278 ||   585
       Bite              |       |     6 |    40 |    39 ||    85
       Kick              |       |    22 |    80 |   119 ||   221
       Punch             |       |     1 |     4 |     5 ||    10
 Fire: Hand crossbow     |    49 |    62 |    55 |   118 ||   284
 Cast: Poisonous Vapours |       |       |       |   162 ||   162
       Tukima's Dance    |       |       |       |     2 ||     2
Invok: Heroism           |       |       |     2 |     2 ||     4
  Use: Potion            |       |     3 |     5 |     7 ||    15
       Scroll            |       |     3 |     8 |     3 ||    14
 Stab: Sleeping          |       |     1 |     7 |     3 ||    11
       Distracted        |       |     1 |       |       ||     1
  Eat: Chunk             |       |     8 |    12 |    20 ||    40
Armor: Ring mail         |     4 |    50 |    44 |   140 ||   238
       Skin              |       |       |    35 |       ||    35
Dodge: Dodged            |     5 |   100 |   110 |   300 ||   515
